 Dungeon Crawl Stone Soup version 0.30-a0-585-g93115170b9 (webtiles) character file.

Game seed: 17358206300676632685

2 wormed the Cudgeller (level 1, 0/8 (11) HPs)
             Began as a Vine Stalker Berserker on Jan 2, 2023.
             Was a Follower of Trog.
             Slain by a kobold
             ... wielding a +2 dagger of draining
              (3 damage)
             ... on level 1 of the Dungeon.
             The game lasted 00:00:16 (99 turns).

wormed the Cudgeller (Vine Stalker Berserker)         Turns: 99, Time: 00:00:17

HP:   0/8 (11)      AC:  2    Str: 19    XL:     1   Next: 30%
MP:   0/2           EV: 12    Int:  7    God:    Trog [*.....]
Gold: 16            SH:  0    Dex: 13    Spells: 0/0 levels left

rFire   . . .      SeeInvis .    a - +0 mace
rCold   . . .      Faith    .    (no shield)
rNeg    . . .      Spirit   +    b - +0 animal skin
rPois   .          Reflect  .    (no helmet)
rElec   .          Harm     .    (no cloak)
rCorr   .          Rampage  .    (no gloves)
Will    .....                    (no boots)
Stlth   +                        (no amulet)
HPRegen 0.21/turn                (no ring)
MPRegen 0.08/turn                (no ring)

@: very heavily drained
A: fangs 2, magic shield, antimagic bite, no potion heal 2
a: Renounce Religion, Berserk


You were on level 1 of the Dungeon.
You worshipped Trog.
Trog was aware of your devotion.
You visited 1 branch of the dungeon, and saw 1 of its levels.

You collected 16 gold pieces.

Inventory:

Hand Weapons
 a - a +0 mace (weapon)
Armour
 b - a +0 animal skin (worn)
Scrolls
 d - a scroll of identify {unknown}
Potions
 c - a potion of flight {unknown}


   Skills:
 + Level 2.7 Fighting
 * Level 2.7 Maces & Flails
 + Level 1.6 Armour
 + Level 1.5 Dodging
 + Level 0.1 Shields


You couldn't memorise any spells.
You didn't know any spells.
Your spell library was empty.

Dungeon Overview and Level Annotations

Branches:
Dungeon (1/15)

Altars:


Innate Abilities, Weirdness & Mutations

You have extremely sharp teeth.
When hurt, damage is shared between your health and your magic reserves.
Your bite disrupts and absorbs the magic of your enemies.
Potions cannot restore your health.


Message History

Found a stone staircase leading down.
A ball python comes into view.
The ball python hisses angrily.
A ball python is nearby!
A ball python is nearby!
A ball python is nearby!
You hit the ball python.
You kill the ball python!
Trog accepts your kill.
No target in view!
No target in view!
d - a scroll labelled PIL CUWKIAMP A kobold comes into view.
It is wielding a +2 dagger of draining.
A kobold is nearby!
A kobold is nearby!
A kobold is nearby!
A kobold is nearby!
You completely miss the kobold. You bite the kobold. You drain its power.
The kobold is moderately wounded.
The kobold hits you with a +2 dagger of draining.
You feel drained.
You hit the kobold but do no damage. Your bite misses the kobold.
The kobold completely misses you.
You hit the kobold. You bite the kobold, but do no damage.
The kobold is heavily wounded.
The kobold hits you with a +2 dagger of draining.
You feel drained.
The kobold hits you with a +2 dagger of draining.
You feel drained.
You are too injured to fight recklessly!
You are too injured to fight recklessly!
You are too injured to fight recklessly!
You hit the kobold but do no damage. Your bite misses the kobold.
The kobold is heavily wounded.
The kobold barely misses you.
You closely miss the kobold. You bite the kobold. You drain its power.
You feel invigorated.
The kobold is heavily wounded.
The kobold hits you with a +2 dagger of draining.
You die...

.........
.........
#........
#........
#........
#........
###.K......
##..@##
........##.....##
...#....#.......#
#...............#
##......#.......#
................#
#.............# ..
#.>..#####...#####
##.##
#....#=$(#.......#


You could see a kobold.

Vanquished Creatures
  A bat (D:1)
  A ball python (D:1)
2 creatures vanquished.

Notes
Turn   | Place    | Note
-------+----------+-------------------------------------------
     0 | D:1      | wormed the Vine Stalker Berserker began the quest for the
                  | Orb.
     0 | D:1      | Reached XP level 1. HP: 11/11 MP: 2/2
    99 | D:1      | Slain by a kobold

Illustrated notes

Levels and vault maps discovered:
D:1:      heliophobic_arrival_battle_scene, layout_rooms, serial_glass,
          glass_columns_b, glass_columns_b, minmay_strange_pillars,
          due_unseen_surprise

Action                   || total
-------------------------++-------
Melee: Mace              ||     9
       Bite              ||     3
Armor: Animal skin       ||     1
Dodge: Dodged            ||     3

Table legend: (Time is in decaauts)
 A = Elapsed time spent in this place.
 B = Non-inter-level travel time spent in this place.
 C = Inter-level travel time spent in this place.
 D = Time resting spent in this place.
 E = Time spent auto-exploring this place.
 F = Levels seen in this place.
 G = Mean time per level.
                   A        B        C        D        E       F      G
               +--------+--------+--------+--------+--------+-----+--------+
         Total |    101 |    101 |      0 |      0 |     73 |   1 |  101.0 |
       Dungeon |    101 |    101 |      0 |      0 |     73 |   1 |  101.0 |
               +--------+--------+--------+--------+--------+-----+--------+

Top non-repeatable levels by time:
     D:1: 101 daAuts
